[Event "Titled Tuesday Blitz February 28 Early 2023"]
[White "Andreikin, Dmitry"]
[Black "Real_OceanStorm"]
[WhiteFideId "4158814"]
[WhiteElo "2736"]
[BlackElo "2766"]
[Result "1/2-1/2"]
[Round "09"]
[TimeControl "180+2"]
[Date "2023.02.28"]
[WhiteClock "0:00:05"]
[BlackClock "0:00:05"]

1. e4 e5 2. Nf3 Nc6 3. Bb5 a6 4. Ba4 b5 5. Bb3 Nf6 6. O-O h6 7. d4 d6 8. dxe5 dxe5 9. Qxd8+ Kxd8 10. Bxf7 Bd6 11. Be3 Ke7 12. Bb3 Na5 13. Nfd2 Nxb3 14. axb3 Bb7 15. f3 Rhd8 16. Nc3 Kf7 17. Rfd1 Nh5 18. Nd5 Nf4 19. c4 Nd3 20. Rab1 Rab8 21. Kf1 g5 22. Ke2 Nf4+ 23. Nxf4 exf4 24. Ba7 Rbc8 25. Bf2 Be7 26. Rdc1 Bb4 27. Rc2 Rd7 28. Rbc1 Rcd8 29. Nb1 c5 30. cxb5 axb5 31. Bxc5 Ba5 32. b4 Bc7 33. Be7 Rc8 34. Bd6 Bxd6 35. Rxc8 Bxc8 36. Rxc8 Kf6 37. Nc3 Kg7 38. Nd5 Ra7 39. Kd3 Ra1 40. Re8 Rd1+ 41. Kc3 Kf7 42. Rd8 Ke6 43. Nc7+ Ke7 44. Rxd6 Kxd6 45. Nxb5+ Ke6 46. Nd4+ Ke5 47. Nc6+ Kd6 48. b5 Kc5 49. e5 Kxb5 50. Nd4+ Kc5 51. Nf5 Kd5 52. Nxh6 Rc1+ 53. Kd3 Rg1 54. Ng4 Rxg2 55. b4 Ra2 56. b5 Ra3+ 57. Ke2 Rb3 58. Nf6+ Kxe5 59. Ne4 Rxb5 60. Nxg5 Rb2+ 61. Kd3 Rxh2 62. Ne4 Ra2 63. Ng5 Ra3+ 64. Ke2 Kd4 65. Ne6+ Ke5 66. Ng5 Kd4 67. Ne6+ Ke5 68. Ng5 1/2-1/2


[Site "https://www.chess.com"]

[Event "Titled Tuesday Blitz February 28 Early 2023"]
[White "Fernandez Guillen, Ernesto J."]
[Black "Shimanov, Aleksandr"]
[WhiteFideId "3512428"]
[BlackFideId "4198603"]
[WhiteElo "2423"]
[BlackElo "2631"]
[Result "0-1"]
[Round "09"]
[TimeControl "180+2"]
[Date "2023.02.28"]
[WhiteClock "0:00:06"]
[BlackClock "0:00:07"]

1. e4 e6 2. Nf3 d5 3. Nc3 Nf6 4. e5 Nfd7 5. d4 b6 6. Ne2 Ba6 7. c3 c5 8. Nf4 Bxf1 9. Kxf1 Nc6 10. h4 Qc7 11. g3 Be7 12. Kg2 b5 13. Be3 c4 14. h5 b4 15. b3 Nb6 16. bxc4 Nxc4 17. cxb4 Nxb4 18. Rc1 O-O 19. a3 Nc6 20. Qd3 Rab8 21. Rh4 Bxh4 22. gxh4 h6 23. Kh3 Ne7 24. Rg1 Nf5 25. Nxd5 exd5 26. Qxf5 Rb6 27. Kh2 Nxe3 28. fxe3 Rb2+ 29. Kh1 Qc8 30. Qf4 Qh3+ 31. Nh2 Rc8 32. e6 Qxe6 33. Qg3 Qf6 34. Ng4 Qe6 35. Ne5 g6 36. hxg6 f6 37. Ng4 Qe4+ 38. Rg2 Kg7 39. Kh2 Rxg2+ 40. Qxg2 Rc2 41. Nf2 Qxg2+ 42. Kxg2 Kxg6 43. Kf3 Kf5 44. e4+ dxe4+ 45. Nxe4 Ra2 46. Ng3+ Ke6 47. Ke4 Rxa3 48. Nf5 h5 49. d5+ Kf7 50. Nd6+ Kg6 51. Nc4 Ra4 52. Kd4 Kf7 53. Kc5 f5 54. Ne5+ Kf6 55. Nc6 Ra1 56. Nd4 Rc1+ 57. Kd6 Rd1 58. Ne6 a5 59. Kc5 a4 60. Nd4 a3 61. d6 a2 62. d7 Rxd4 63. Kxd4 a1=Q+ 0-1


[Site "https://www.chess.com"]

[Event "Titled Tuesday Blitz February 28 Early 2023"]
[White "Yilmaz, Mustafa"]
[Black "Cherniaiev, Tykhon"]
[WhiteFideId "6302718"]
[BlackFideId "14182360"]
[WhiteElo "2523"]
[BlackElo "2450"]
[Result "1-0"]
[Round "09"]
[TimeControl "180+2"]
[Date "2023.02.28"]
[WhiteClock "0:00:12"]
[BlackClock "0:00:03"]

1. c4 e5 2. Nc3 Nf6 3. Nf3 Nc6 4. e3 d5 5. cxd5 Nxd5 6. Bb5 Nxc3 7. bxc3 Bd6 8. O-O O-O 9. d4 exd4 10. cxd4 Bg4 11. h3 Bh5 12. Rb1 Qf6 13. Be2 Rab8 14. Rb5 Bg6 15. Bb2 a6 16. Rb3 Qe7 17. Bc3 Rfd8 18. Nd2 Bb4 19. Bf3 Bxc3 20. Rxc3 Nb4 21. Qb3 c6 22. Rfc1 Nd5 23. Bxd5 cxd5 24. Rc7 Qd6 25. Rxb7 h6 26. Nf3 Rbc8 27. Rc3 f6 28. Rb6 Rxc3 29. Rxd6 Rc1+ 30. Kh2 Rxd6 31. Qb8+ Kh7 32. Qxd6 Be4 33. Qxa6 Rc2 34. Kg1 Rc1+ 35. Kh2 Rc2 36. Kg3 h5 37. h4 Kg6 38. a4 Ra2 39. a5 Kf5 40. Qc8+ Kg6 41. a6 Kh6 42. Qh8+ Bh7 43. Qa8 g5 44. hxg5+ fxg5 45. Qc6+ Bg6 46. Ne5 h4+ 47. Kh2 Rxa6 48. Qxa6 Kh7 49. Qxg6+ Kh8 50. Nf7# 1-0


[Site "https://www.chess.com"]

[Event "Titled Tuesday Blitz February 28 Early 2023"]
[White "Bruzon Batista, Lazaro"]
[Black "Aradhya, Garg"]
[WhiteFideId "3503739"]
[BlackFideId "25006746"]
[WhiteElo "2709"]
[BlackElo "2278"]
[Result "1-0"]
[Round "09"]
[TimeControl "180+2"]
[Date "2023.02.28"]
[WhiteClock "0:00:24"]
[BlackClock "0:00:08"]

1. d4 d5 2. c4 c6 3. cxd5 cxd5 4. Bg5 f6 5. Bd2 Nc6 6. Nc3 e5 7. e3 Be6 8. Bb5 Bd6 9. Nge2 Ne7 10. O-O O-O 11. Ba4 Rc8 12. Rc1 a6 13. h3 Nb4 14. a3 Nd3 15. Rb1 e4 16. Nc1 Bb8 17. Nxd3 exd3 18. Bb3 Qd6 19. f4 Kh8 20. Qf3 Rfd8 21. Nd1 Rc2 22. Bb4 Qd7 23. Nf2 Bf5 24. Bxe7 Qxe7 25. Bxd5 Re2 26. Rbe1 Rxb2 27. e4 d2 28. Rd1 Bd7 29. Qc3 Rb5 30. Qxd2 Bc6 31. Bxc6 bxc6 32. Qe3 Ba7 33. Rd3 Ra5 34. Rfd1 Ra4 35. Kf1 Qd7 36. e5 fxe5 37. fxe5 Rxd4 38. e6 Rxd3 39. Rxd3 Qxd3+ 40. Qxd3 Rxd3 41. Nxd3 Kg8 42. Ne5 Bc5 43. a4 g6 44. Nxc6 Kg7 45. Ke2 Kf6 46. e7 Bxe7 47. Kd3 Bd6 48. Kc4 Ke6 49. Nb4 Ke5 50. Nxa6 Kf4 51. a5 Kg3 52. Nb4 Bc7 53. a6 Bb6 54. Nd5 Ba7 55. Kb5 Kxg2 56. Kc6 Kxh3 57. Kb7 Bc5 58. Nb6 Bxb6 59. Kxb6 g5 60. a7 g4 61. a8=Q g3 62. Qh1+ Kg4 63. Qxh7 g2 64. Qh2 Kf3 65. Qg1 1-0


[Site "https://www.chess.com"]

[Event "Titled Tuesday Blitz February 28 Early 2023"]
[White "Zhigalko, Sergei"]
[Black "Wagner, Dennis"]
[WhiteFideId "13502956"]
[BlackFideId "24650684"]
[WhiteElo "2626"]
[BlackElo "2470"]
[Result "1-0"]
[Round "09"]
[TimeControl "180+2"]
[Date "2023.02.28"]
[WhiteClock "0:01:31"]
[BlackClock "0:01:04"]

1. e4 c5 2. Nf3 d6 3. d4 cxd4 4. Qxd4 Nf6 5. Nc3 Nc6 6. Bb5 Bd7 7. Bxc6 Bxc6 8. Bg5 e6 9. O-O-O Be7 10. Rhe1 O-O 11. Kb1 b5 12. Bxf6 Bxf6 13. Qxd6 Qb6 14. Ne5 Bxe5 15. Qxe5 b4 16. Ne2 Qxf2 17. Nf4 Rfe8 18. Nh5 f6 19. Qc7 Qxg2 20. Rg1 Rad8 21. Qxd8 Qxg1 22. Nxf6+ Kf7 23. Nxe8 Qg4 24. Rf1+ Kg6 25. Nxg7 1-0


[Site "https://www.chess.com"]

[Event "Titled Tuesday Blitz February 28 Early 2023"]
[White "Rostomyan, Mikayel"]
[Black "Koelle, Tobias"]
[WhiteFideId "13313754"]
[BlackFideId "16207378"]
[WhiteElo "2009"]
[BlackElo "2497"]
[Result "0-1"]
[Round "09"]
[TimeControl "180+2"]
[Date "2023.02.28"]
[WhiteClock "0:00:22"]
[BlackClock "0:01:59"]

1. d4 g6 2. Nf3 Bg7 3. c4 c5 4. Nc3 cxd4 5. Nxd4 Nc6 6. e3 Nf6 7. Be2 O-O 8. O-O Nxd4 9. exd4 d5 10. cxd5 Nxd5 11. Bf3 Be6 12. Re1 Rc8 13. Nxd5 Bxd5 14. Bxd5 Qxd5 15. Rxe7 Bf6 16. Re1 Qxd4 17. Qxd4 Bxd4 18. Be3 Bxb2 19. Rab1 Rc2 20. Bxa7 Ra8 21. Bb6 Rxa2 22. h4 h5 23. Rxb2 Rcxb2 24. Re8+ Kh7 25. Bd4 Rb1+ 26. Kh2 g5 27. hxg5 Rd1 28. Be3 b5 29. Rb8 Rb2 30. Rb7 Kg7 31. Kg3 b4 32. Bf4 Rb3+ 33. Kh4 Rh1+ 0-1


[Site "https://www.chess.com"]

[Event "Titled Tuesday Blitz February 28 Early 2023"]
[White "Subelj, Jan"]
[Black "Acor, Corey"]
[WhiteFideId "14618583"]
[BlackFideId "2024861"]
[WhiteElo "2480"]
[BlackElo "2341"]
[Result "1-0"]
[Round "09"]
[TimeControl "180+2"]
[Date "2023.02.28"]
[WhiteClock "0:01:13"]
[BlackClock "0:00:09"]

1. d4 Nf6 2. Nf3 d6 3. Nc3 g6 4. e4 Bg7 5. Be2 Nbd7 6. Be3 e5 7. O-O O-O 8. Re1 b6 9. d5 Ng4 10. Bg5 f6 11. Bc1 f5 12. Ng5 Ndf6 13. exf5 Bxf5 14. Ne6 Bxe6 15. dxe6 Nh6 16. Nd5 Nxd5 17. Qxd5 Kh8 18. Bf3 Rb8 19. a4 Nf5 20. a5 Qe8 21. axb6 axb6 22. Ra7 c6 23. Qxc6 Qxe6 24. Qd5 Qf6 25. Be3 Nh4 26. Be4 Bh6 27. Qd2 Bxe3 28. Rxe3 Nf5 29. Rd3 Rfd8 30. Rh3 Ne7 31. Qh6 Qf7 32. Bxg6 Qxg6 33. Qxg6 Nxg6 34. Rhxh7+ Kg8 35. Rag7+ Kf8 36. Rxg6 Ra8 37. h4 Rdc8 38. c3 Ra1+ 39. Kh2 Rf1 40. f3 Rf2 41. h5 Rxb2 42. Rh8+ Kf7 43. Rxc8 1-0


[Site "https://www.chess.com"]

[Event "Titled Tuesday Blitz February 28 Early 2023"]
[White "Molina, Roberto Junio Brito"]
[Black "Nazari, Arad"]
[WhiteFideId "2109450"]
[BlackFideId "12577324"]
[WhiteElo "2376"]
[BlackElo "2242"]
[Result "1-0"]
[Round "09"]
[TimeControl "180+2"]
[Date "2023.02.28"]
[WhiteClock "0:00:06"]
[BlackClock "0:00:04"]

1. e4 c5 2. Nf3 d6 3. d4 cxd4 4. Nxd4 Nf6 5. Nc3 a6 6. Be3 Ng4 7. Bg5 h6 8. Bh4 g5 9. Bg3 Bg7 10. Qd2 Nc6 11. Nf5 Bxf5 12. exf5 Qb6 13. Nd1 Qc5 14. f3 Nf6 15. Ne3 Nh5 16. O-O-O Rc8 17. Bf2 Qa5 18. Qxa5 Nxa5 19. c3 Be5 20. Nd5 Nf6 21. h4 Rg8 22. hxg5 hxg5 23. Bb6 Nxd5 24. Rxd5 Nc4 25. Bxc4 Rxc4 26. Rhd1 Rc6 27. Ba5 g4 28. Rxe5 b6 29. Red5 bxa5 30. Rxa5 gxf3 31. gxf3 Rg3 32. Rd3 Rg2 33. Rad5 Rc4 34. R5d4 Rc5 35. Rd5 Rc4 36. R3d4 Rc6 37. Rd2 Rg3 38. Rf2 Rc4 39. Rd4 Rc5 40. Rf4 f6 41. Kc2 Rg5 42. Re2 Rcxf5 43. Rxf5 Rxf5 44. Re3 Kd7 45. b4 a5 46. Kb3 axb4 47. cxb4 e5 48. a4 d5 49. a5 Kc6 50. Rc3+ Kb7 51. b5 e4 52. fxe4 dxe4 53. a6+ Kb6 54. Rc6+ Kxb5 55. a7 Rf3+ 56. Rc3 1-0


[Site "https://www.chess.com"]

[Event "Titled Tuesday Blitz February 28 Early 2023"]
[White "Volkov, Maksim"]
[Black "Moroni, Luca Jr"]
[WhiteFideId "54123070"]
[BlackFideId "865834"]
[WhiteElo "2328"]
[BlackElo "2569"]
[Result "0-1"]
[Round "09"]
[TimeControl "180+2"]
[Date "2023.02.28"]
[WhiteClock "0:00:05"]
[BlackClock "0:00:27"]

1. d4 d6 2. Nf3 g6 3. c4 Bg7 4. g3 Bd7 5. Bg2 Qc8 6. h3 Nc6 7. Nc3 e5 8. dxe5 Nxe5 9. Nxe5 Bxe5 10. Qc2 Ne7 11. b3 O-O 12. Bb2 a5 13. Rd1 a4 14. Nd5 Nxd5 15. Bxe5 Ne3 16. fxe3 dxe5 17. b4 c6 18. g4 Be6 19. O-O Qc7 20. a3 Rad8 21. Qc3 h6 22. Be4 Kg7 23. Bc2 h5 24. gxh5 Bxh3 25. Rxd8 Rxd8 26. Rd1 Rxd1+ 27. Bxd1 Qe7 28. e4 Qg5+ 29. Kf2 Qxh5 30. Bxa4 Bg4 31. Qe3 Qh2+ 32. Ke1 Qh1+ 33. Kd2 Qa1 34. Bd1 Qa2+ 35. Bc2 Qxc4 36. Bb3 Qd4+ 37. Qxd4 exd4 38. e5 Be6 39. Bc2 Bc4 40. a4 f6 41. exf6+ Kxf6 42. a5 g5 43. Be4 Ke5 44. Bf3 Kf4 45. Bh1 g4 46. Ke1 Ke3 47. Bg2 Bxe2 48. b5 Bxb5 49. a6 Bxa6 50. Kd1 c5 51. Ke1 b5 52. Bf1 b4 53. Be2 g3 54. Kf1 b3 55. Ke1 b2 56. Bd3 g2 57. Bb1 c4 58. Bd3 c3 59. Bf1 g1=Q 60. Kd1 d3 61. Ke1 b1=N 62. Kd1 Na3 63. Ke1 Nc4 64. Kd1 Bc8 65. Ke1 d2+ 66. Kd1 Nb2+ 67. Kc2 d1=B+ 68. Kb1 Qxf1 69. Ka2 Be6+ 70. Kb1 Bdb3# 0-1


[Site "https://www.chess.com"]

[Event "Titled Tuesday Blitz February 28 Early 2023"]
[White "Kilic, Eray"]
[Black "Bews, Steven"]
[WhiteFideId "44517173"]
[BlackFideId "2400529"]
[WhiteElo "2328"]
[BlackElo "2599"]
[Result "1-0"]
[Round "09"]
[TimeControl "180+2"]
[Date "2023.02.28"]
[WhiteClock "0:00:09"]
[BlackClock "0:00:05"]

1. d4 Nf6 2. Nc3 d5 3. Bf4 Bf5 4. e3 e6 5. Bd3 Bxd3 6. cxd3 Bd6 7. Nge2 O-O 8. Qb3 b6 9. Rc1 Nbd7 10. Bxd6 cxd6 11. Qa3 Ne8 12. O-O Ndf6 13. e4 dxe4 14. dxe4 Nc7 15. Rfd1 Qd7 16. e5 dxe5 17. dxe5 Nfd5 18. Ne4 Rfd8 19. h4 a5 20. Qg3 Ne8 21. Nf6+ Nexf6 22. exf6 g6 23. Qg5 Qd6 24. h5 Qf8 25. Nd4 h6 26. Qg3 g5 27. Nc6 Re8 28. Qe5 Rac8 29. g3 Kh8 30. Kg2 Nb4 31. Ne7 Rxc1 32. Rxc1 Nd3 33. Qc7 Nxc1 34. Ng6+ fxg6 35. hxg6 Re7 36. fxe7 Qa8+ 37. Kh2 1-0


[Site "https://www.chess.com"]

[Event "Titled Tuesday Blitz February 28 Early 2023"]
[White "Postny, Evgeny"]
[Black "Manukyan, Sargis V."]
[WhiteFideId "2804344"]
[BlackFideId "13303465"]
[WhiteElo "2509"]
[BlackElo "2236"]
[Result "0-1"]
[Round "09"]
[TimeControl "180+2"]
[Date "2023.02.28"]
[WhiteClock "0:00:02"]
[BlackClock "0:00:03"]

1. e4 e6 2. d4 d5 3. Nd2 Be7 4. Ngf3 Nf6 5. Bd3 c5 6. dxc5 dxe4 7. Nxe4 Nxe4 8. Bxe4 Qxd1+ 9. Kxd1 Bxc5 10. Ke2 Nd7 11. Be3 Bxe3 12. Kxe3 Nc5 13. Rhd1 Ke7 14. Rd4 Nxe4 15. Kxe4 Bd7 16. Ne5 Be8 17. Rb4 Rb8 18. f4 f6 19. Nd3 Bc6+ 20. Ke3 Rhd8 21. Re1 b6 22. g3 Rbc8 23. Re2 Be8 24. Rd4 Rxd4 25. Kxd4 Bg6 26. Rd2 Rd8+ 27. Ke3 Bxd3 28. Rxd3 Rxd3+ 29. Kxd3 Kd6 30. Kd4 b5 31. c4 e5+ 32. fxe5+ fxe5+ 33. Kd3 bxc4+ 34. Kxc4 Ke6 35. b4 Kd6 36. a4 Kc6 37. b5+ Kb6 38. Kb4 Kc7 39. Kc5 e4 40. Kd4 Kb6 41. Kxe4 Ka5 42. Kd5 Kxa4 43. Kc5 Ka5 44. h4 h5 45. Kc4 Ka4 46. Kc5 Ka5 47. Kc4 Ka4 48. Kc5 Kb3 49. Kd5 Kb4 50. Kc6 Kc4 0-1


[Site "https://www.chess.com"]

[Event "Titled Tuesday Blitz February 28 Early 2023"]
[White "Bernadskiy, Vitaliy"]
[Black "Orlov, Georgi"]
[WhiteFideId "14100371"]
[BlackFideId "2011271"]
[WhiteElo "2488"]
[BlackElo "2642"]
[Result "0-1"]
[Round "09"]
[TimeControl "180+2"]
[Date "2023.02.28"]
[WhiteClock "0:00:31"]
[BlackClock "0:00:07"]

1. Nf3 Nf6 2. c4 e6 3. Nc3 Bb4 4. g4 Bxc3 5. dxc3 d6 6. g5 Nfd7 7. Qc2 Nc6 8. h4 Nb6 9. b3 e5 10. Be3 Be6 11. O-O-O Qe7 12. Bg2 O-O-O 13. Ne1 f5 14. Nd3 f4 15. Bxb6 axb6 16. Bxc6 bxc6 17. Nb4 Bd7 18. Qd3 Qf7 19. Kb2 Kb8 20. Qe4 Kb7 21. Rd2 Qf5 22. Qg2 e4 23. Rd4 Rde8 24. Nc2 Rhf8 25. Qf1 c5 26. Rd1 Bc6 27. Rg1 Qe5 28. a4 e3 29. f3 Bd7 30. Ne1 Bf5 31. Nd3 Bxd3 32. Rxd3 Ra8 33. Rd5 Qe6 34. Qb1 g6 35. Rg4 Rf7 36. Qc2 Raf8 37. b4 Rf5 38. Qd3 cxb4 39. cxb4 Rxd5 40. cxd5 Qe5+ 41. Kb3 Rf5 42. Qc4 Qxd5 43. Qxd5+ Rxd5 44. Rxf4 Rd2 45. Rf7 Rxe2 46. Rxh7 d5 47. Kc3 Rd2 48. h5 d4+ 49. Kc4 gxh5 50. g6 Rg2 51. Kxd4 e2 52. Re7 h4 53. g7 Rxg7 54. Rxe2 Rd7+ 55. Ke3 Re7+ 56. Kf2 Rxe2+ 57. Kxe2 h3 58. Kf2 c5 59. bxc5 bxc5 60. f4 c4 61. f5 h2 62. Kg2 c3 63. f6 c2 64. f7 h1=Q+ 0-1


[Site "https://www.chess.com"]

[Event "Titled Tuesday Blitz February 28 Early 2023"]
[White "Alvarez Calzadilla, Jose Avelino"]
[Black "Bharath Subramaniyam H"]
[WhiteFideId "3526151"]
[BlackFideId "46634827"]
[WhiteElo "2310"]
[BlackElo "2395"]
[Result "0-1"]
[Round "09"]
[TimeControl "180+2"]
[Date "2023.02.28"]
[WhiteClock "0:00:01"]
[BlackClock "0:00:15"]

1. d4 Nf6 2. Nf3 g6 3. Bg5 Bg7 4. Nbd2 d5 5. e3 O-O 6. c4 c6 7. Be2 Bf5 8. O-O Nbd7 9. b4 Ne4 10. Nxe4 Bxe4 11. Qb3 h6 12. Bh4 Nb6 13. c5 Nc4 14. Bxc4 dxc4 15. Qxc4 Bxf3 16. gxf3 Qd7 17. Bg3 h5 18. h4 Rad8 19. Rfd1 Qh3 20. Qf1 Qf5 21. Kg2 e5 22. dxe5 Bxe5 23. Rxd8 Rxd8 24. Rd1 Re8 25. Qd3 Qf6 26. Qd7 Re7 27. Qd8+ Kh7 28. Rd6 Re6 29. Qxf6 Bxf6 30. Rxe6 fxe6 31. e4 Bc3 32. a3 Bb2 33. Bf4 Bxa3 34. Bd2 a5 35. bxa5 Bxc5 36. f4 Be7 37. Kg3 Kg7 38. f3 Kf7 39. Be1 Ke8 40. f5 exf5 41. exf5 Bd6+ 42. Kf2 gxf5 43. Ke3 Kd7 44. Kd4 Ke6 45. Kc4 Be7 46. Kd4 Bd8 47. Kc5 Bc7 48. Kc4 Bd6 49. Kd4 Kd7 50. Kc4 Kc8 51. Kd4 Kb8 52. Kc4 Ka7 0-1


[Site "https://www.chess.com"]

[Event "Titled Tuesday Blitz February 28 Early 2023"]
[White "Galchenko, Matvey"]
[Black "Kim, Sergey"]
[WhiteFideId "24175480"]
[BlackFideId "13700570"]
[WhiteElo "2404"]
[BlackElo "2634"]
[Result "1-0"]
[Round "09"]
[TimeControl "180+2"]
[Date "2023.02.28"]
[WhiteClock "0:02:50"]
[BlackClock "0:02:19"]

1. f4 Nf6 2. Nf3 g6 3. g3 Bg7 4. Bg2 d6 5. O-O O-O 6. d3 c5 7. Nc3 Nc6 8. e4 e5 9. f5 Nd4 10. Nh4 Ne8 11. Nd5 Nc7 12. f6 1-0


[Site "https://www.chess.com"]

[Event "Titled Tuesday Blitz February 28 Early 2023"]
[White "Sasikiran, Krishnan"]
[Black "Kvaloy, Aksel Bu"]
[WhiteFideId "5004985"]
[BlackFideId "1528815"]
[WhiteElo "2567"]
[BlackElo "2208"]
[Result "1-0"]
[Round "09"]
[TimeControl "180+2"]
[Date "2023.02.28"]
[WhiteClock "0:02:12"]
[BlackClock "0:01:46"]

1. d4 Nf6 2. c4 e6 3. Nc3 Bb4 4. e3 O-O 5. Bd3 c5 6. Ne2 cxd4 7. exd4 d5 8. cxd5 Nxd5 9. O-O Nc6 10. Bc2 Be7 11. Re1 Bf6 12. a3 b6 13. Qd3 g6 14. Bh6 Re8 15. Rad1 Bb7 16. Qg3 Rc8 17. Ba4 a6 18. Ne4 Bg7 19. Bxg7 Kxg7 20. Nd6 b5 21. Nxb7 Qc7 22. Nd6 Red8 23. Nxc8 bxa4 24. Qxc7 Nxc7 25. Nb6 1-0


[Site "https://www.chess.com"]

[Event "Titled Tuesday Blitz February 28 Early 2023"]
[White "Domingo Nunez, Ruben"]
[Black "Lagno, Kateryna"]
[WhiteFideId "22245570"]
[BlackFideId "14109336"]
[WhiteElo "2404"]
[BlackElo "2508"]
[Result "0-1"]
[Round "09"]
[TimeControl "180+2"]
[Date "2023.02.28"]
[WhiteClock "0:00:01"]
[BlackClock "0:00:19"]

1. e4 e5 2. Nf3 Nc6 3. Bc4 Bc5 4. c3 Nf6 5. d3 d6 6. O-O a6 7. Bb3 h6 8. Nbd2 O-O 9. h3 Re8 10. Re1 Be6 11. Bc2 d5 12. Qe2 b5 13. Nh2 Ne7 14. Ndf1 Ng6 15. Qf3 dxe4 16. dxe4 Nh4 17. Qe2 Bc4 18. Qd1 Qe7 19. Be3 Rad8 20. Qc1 Bd3 21. Bxd3 Rxd3 22. Qc2 Red8 23. Rad1 Rxd1 24. Rxd1 Rxd1 25. Qxd1 Nxe4 26. Qd5 Bxe3 27. Nxe3 Nc5 28. Qa8+ Qf8 29. Qc6 Ng6 30. Qxc7 Ne6 31. Qc6 Ngf4 32. Nf3 Qb8 33. Qe4 Ng6 34. h4 Qd6 35. h5 Ngf4 36. Qf5 f6 37. Kh2 Qd3 38. Qg4 Ng5 39. Qc8+ Kh7 40. Nh4 Nxh5 41. g3 Qe4 42. Kg1 Nf3+ 0-1


[Site "https://www.chess.com"]

[Event "Titled Tuesday Blitz February 28 Early 2023"]
[White "Tan, Jun Ying"]
[Black "Pakleza, Zbigniew"]
[WhiteFideId "5710413"]
[BlackFideId "1119290"]
[WhiteElo "2089"]
[BlackElo "2410"]
[Result "1/2-1/2"]
[Round "09"]
[TimeControl "180+2"]
[Date "2023.02.28"]
[WhiteClock "0:00:12"]
[BlackClock "0:00:05"]

1. d4 d6 2. Nf3 Bg4 3. g3 Bxf3 4. exf3 e6 5. Bg2 c6 6. O-O g6 7. c3 Bg7 8. Re1 Ne7 9. Nd2 O-O 10. Ne4 d5 11. Nc5 b6 12. Nd3 Nd7 13. Be3 Rc8 14. Qd2 c5 15. dxc5 Nxc5 16. Nb4 Nf5 17. Nc2 Nxe3 18. Qxe3 Na4 19. Rab1 Qc7 20. Nd4 a6 21. f4 Nc5 22. h4 b5 23. h5 Rfd8 24. Bf3 Qd6 25. Kg2 Rb8 26. a3 a5 27. b4 Na4 28. Be2 Qa6 29. bxa5 Qxa5 30. Nxb5 Nxc3 31. Nxc3 Qxc3 32. Qxc3 Bxc3 33. Red1 Kg7 34. hxg6 hxg6 35. a4 Ba5 36. Bb5 Rdc8 37. Rbc1 Kf6 38. Kf3 Bb4 39. Ke2 Ba3 40. Rxc8 Rxc8 41. Rd2 Rc1 42. Ra2 Bb4 43. Kf3 Ba5 44. Rb2 Ke7 45. Ra2 Kd6 46. Re2 f6 47. Be8 g5 48. fxg5 fxg5 49. Kg4 Rc8 50. Bb5 Rg8 51. Rc2 d4 52. Rc6+ Kd5 53. Ra6 Bc3 54. Bd7 Rg6 55. Kh5 Rf6 56. Kxg5 Rxf2 57. Bxe6+ Kc5 58. Bf5 Rxf5+ 59. Kxf5 d3 60. Ra8 d2 61. Rc8+ Kb4 62. Rd8 Kxa4 63. g4 Kb3 64. g5 Kc2 65. g6 d1=Q 66. Rxd1 Kxd1 67. Ke6 Ke2 68. Kf7 Kf3 69. g7 Bxg7 1/2-1/2


[Site "https://www.chess.com"]

[Event "Titled Tuesday Blitz February 28 Early 2023"]
[White "Samunenkov, Ihor"]
[Black "Skliarov, Viktor"]
[WhiteFideId "14187086"]
[BlackFideId "14106736"]
[WhiteElo "2457"]
[BlackElo "2284"]
[Result "1-0"]
[Round "09"]
[TimeControl "180+2"]
[Date "2023.02.28"]
[WhiteClock "0:00:57"]
[BlackClock "0:01:04"]

1. d4 Nf6 2. c4 e6 3. Nf3 c5 4. d5 exd5 5. cxd5 d6 6. Nc3 g6 7. e4 Bg7 8. h3 O-O 9. Be3 Re8 10. Nd2 a6 11. a4 Nbd7 12. Be2 Rb8 13. O-O Qc7 14. Qc2 h6 15. a5 Kh7 16. Nc4 Ne5 17. Na3 g5 18. Nc4 Qe7 19. Nxe5 Qxe5 20. f4 gxf4 21. Bxf4 Qd4+ 22. Kh1 Ng8 23. e5+ Kh8 24. Ra4 dxe5 25. Rxd4 cxd4 26. Ne4 exf4 27. Nd6 Rf8 28. Rxf4 Be5 29. Rxf7 1-0


[Site "https://www.chess.com"]

[Event "Titled Tuesday Blitz February 28 Early 2023"]
[White "Nur, Shahidee Bin Saharan"]
[Black "Mamedov, Edgar"]
[WhiteFideId "5810973"]
[BlackFideId "13739980"]
[WhiteElo "2745"]
[BlackElo "2330"]
[Result "0-1"]
[Round "09"]
[TimeControl "180+2"]
[Date "2023.02.28"]
[WhiteClock "0:00:05"]
[BlackClock "0:00:06"]

1. e4 c6 2. d4 d5 3. Nd2 dxe4 4. Nxe4 Nf6 5. Nxf6+ exf6 6. c3 Bd6 7. Bd3 O-O 8. Qc2 h5 9. Ne2 Re8 10. O-O Nd7 11. Bf4 Nf8 12. Qd2 h4 13. h3 Ng6 14. Bxd6 Qxd6 15. Rfe1 Bd7 16. Rad1 Re7 17. Bxg6 fxg6 18. Qf4 Qxf4 19. Nxf4 Rxe1+ 20. Rxe1 Kf7 21. Nd3 b6 22. Rd1 Re8 23. Kf1 g5 24. f3 Bf5 25. Nb4 c5 26. Nc6 Bd7 27. Nxa7 Ra8 28. dxc5 Rxa7 29. cxb6 Bb5+ 30. Kg1 Rb7 31. b3 Rxb6 32. c4 Be8 33. Kf2 Ke7 34. Ke3 Re6+ 35. Kf2 Rd6 36. Re1+ Kd8 37. Re2 Bg6 38. Rb2 Kc7 39. b4 Rd4 40. c5 Be8 41. Ke3 Rc4 42. Rb3 Ba4 43. Rb2 Kc6 44. Kd3 Kb5 45. a3 Rc1 46. Ra2 Bb3 47. Rb2 Bc4+ 48. Kd4 Rd1+ 49. Ke4 Re1+ 50. Kd4 Rd1+ 51. Ke4 Rd5 52. f4 f5+ 53. Ke3 Rd3+ 54. Kf2 gxf4 55. a4+ Kxa4 56. c6 Rd8 57. Rc2 Kb5 58. c7 Rc8 59. Kf3 g5 60. Rd2 Rxc7 61. Rd6 Rg7 62. Rf6 Bd5+ 63. Kf2 Be4 64. Re6 Kxb4 65. Re5 g4 66. hxg4 Rxg4 67. Kf1 Rxg2 68. Re8 h3 69. Rb8+ Kc3 70. Rh8 h2 71. Rh3+ Kd4 72. Rh8 Rg1+ 73. Kf2 h1=Q 74. Rd8+ Ke5 75. Re8+ Kd6 76. Rd8+ Ke7 77. Rg8 Rg2+ 78. Rxg2 Qxg2+ 79. Ke1 Bd3 80. Kd1 Qe2+ 81. Kc1 Qc2# 0-1


[Site "https://www.chess.com"]

[Event "Titled Tuesday Blitz February 28 Early 2023"]
[White "Jakubowski, Krzysztof"]
[Black "EREBUNI91"]
[WhiteFideId "1112848"]
[WhiteElo "2359"]
[BlackElo "2729"]
[Result "0-1"]
[Round "09"]
[TimeControl "180+2"]
[Date "2023.02.28"]
[WhiteClock "0:01:00"]
[BlackClock "0:00:43"]

1. e4 c5 2. Nf3 d6 3. d4 cxd4 4. Nxd4 Nf6 5. Nc3 a6 6. Be3 e5 7. Nb3 Be6 8. h3 Be7 9. Qf3 Qc7 10. O-O-O Nbd7 11. g4 Rc8 12. g5 Ng8 13. Bd3 b5 14. Kb1 Nc5 15. h4 Nxd3 16. cxd3 Qd7 17. Rc1 Bd8 18. d4 Ne7 19. dxe5 dxe5 20. Rhd1 Bg4 21. Rxd7 Bxf3 22. Ra7 b4 23. Nd5 Bxe4+ 0-1


[Site "https://www.chess.com"]

[Event "Titled Tuesday Blitz February 28 Early 2023"]
[White "Gunduz, Umut Erdem"]
[Black "Iskusnyh, Sergei"]
[WhiteFideId "6381383"]
[BlackFideId "4120027"]
[WhiteElo "2182"]
[BlackElo "2492"]
[Result "0-1"]
[Round "09"]
[TimeControl "180+2"]
[Date "2023.02.28"]
[WhiteClock "0:00:06"]
[BlackClock "0:00:06"]

1. e4 e6 2. d4 d5 3. Nc3 Nf6 4. e5 Nfd7 5. f4 c5 6. Nf3 Be7 7. Be3 O-O 8. dxc5 Nxc5 9. Qd2 a6 10. O-O-O Nbd7 11. Kb1 Qc7 12. h4 b5 13. Bd3 b4 14. Ne2 Ne4 15. Bxe4 dxe4 16. Ng5 Nc5 17. Bxc5 Bxc5 18. Nxe4 Bb7 19. Nxc5 Qxc5 20. Qd4 Qxd4 21. Rxd4 Bxg2 22. Rh2 Bf3 23. Rxb4 Rfd8 24. Nc3 h5 25. Rf2 Bg4 26. b3 Rac8 27. Kb2 Bf5 28. a4 Rc5 29. Rb6 Rdc8 30. Na2 Rxc2+ 31. Rxc2 Rxc2+ 32. Ka3 a5 33. b4 axb4+ 34. Nxb4 Rc3+ 35. Kb2 Rf3 36. a5 Rxf4 37. a6 Be4 38. a7 Kh7 39. Ka3 Rxh4 40. Nc6 Rh1 41. Kb2 Rb1+ 42. Ka2 Rxb6 43. a8=Q Rxc6 44. Qe8 Bd5+ 45. Kb2 Rc7 46. Qd8 Rb7+ 47. Kc3 g6 48. Qg5 Kg8 49. Kd4 Rb8 50. Ke3 Rc8 51. Qh6 Rc3+ 52. Kf4 Rf3+ 53. Kg5 Rf5+ 54. Kh4 Rxe5 55. Qc1 Re4+ 56. Kg5 Kg7 57. Qb2+ e5 0-1


[Site "https://www.chess.com"]